 Dungeon Crawl Stone Soup version 0.21-a0-531-gacddea6 (webtiles) character file.

51 slep the Chopper (level 3, -1/18 HPs)
             Began as a Vine Stalker Gladiator on Dec 14, 2017.
             Succumbed to an adder's poison
             ... on level 2 of the Dungeon.
             The game lasted 00:03:17 (1002 turns).

slep the Chopper (Vine Stalker Gladiator)           Turns: 1002, Time: 00:03:17

Health: -1/18      AC:  7    Str: 17    XL:     3   Next: 83%
Magic:  3/4        EV: 12    Int:  8    God:
Gold:   97         SH:  0    Dex: 15    Spells: 2/2 levels left

rFire    . . .     SeeInvis .   a - +0 war axe
rCold    . . .     Gourm    +   (no shield)
rNeg     . . .     Faith    .   g - +0 ring mail
rPois    .         Spirit   +   c - +0 helmet
rElec    .         Reflect  .   (no cloak)
rCorr    .         Harm     .   (no gloves)
MR       .....                  n - +0 pair of boots
Stlth    +.........             p - amulet of the gourmand
HPRegen  0.06/turn              (no ring)
MPRegen  0.09/turn              (no ring)

@: lethally poisoned (-1 -> -27)
A: fangs 2, magic shield, antimagic bite, no potion heal 3, rot immunity
a: no special abilities


You were on level 2 of the Dungeon.
You were not hungry.

You visited 1 branch of the dungeon, and saw 2 of its levels.

You collected 97 gold pieces.

Inventory:

Hand Weapons
 a - a +0 war axe (weapon)
Missiles
 d - 3 throwing nets (quivered)
Armour
 b - a +0 leather armour
 c - a +0 helmet (worn)
 g - a +0 ring mail (worn)
 n - a +0 pair of boots (worn)
Jewellery
 p - an amulet of the gourmand (around neck)
Scrolls
 e - 3 scrolls of identify {unknown}
 h - 2 scrolls of teleportation {unknown}
 i - a scroll of amnesia {unknown}
 j - 2 scrolls of remove curse {unknown}
 l - 2 scrolls of immolation {unknown}
 m - a scroll of magic mapping {unknown}
Potions
 o - a potion of agility {unknown}
 q - a potion of curing {unknown}
Comestibles
 f - a bread ration
 k - a meat ration


   Skills:
 + Level 1.9 Fighting
 + Level 3.5 Axes
 + Level 2.0 Throwing
 + Level 0.5 Armour
 + Level 2.8 Dodging


You had 2 spell levels left.
You didn't know any spells.

Dungeon Overview and Level Annotations

Branches:
Dungeon (2/15)

Altars:
Makhleb


Innate Abilities, Weirdness & Mutations

You have extremely sharp teeth.
When hurt, damage is shared between your health and your magic reserves.
Your bite disrupts and absorbs the magic of your enemies.
Potions cannot restore your health.
You are immune to rotting.


Message History

You barely miss the adder. Your bite misses the adder.
You feel sick. The adder bites you.
You barely miss the adder. Your bite misses the adder.
You feel sick. The adder bites you but does no damage. The adder bites you.
You are more poisoned.
The adder poisons you!
You hit the adder. You bite the adder. You drain its power.
You feel invigorated.
The adder is moderately wounded.
* * * LOW HITPOINT WARNING * * *
You feel sick. The adder bites you.
* * * LOW HITPOINT WARNING * * *
The adder bites you.
* * * LOW HITPOINT WARNING * * *
You are more poisoned.
The adder poisons you!
Your ring mail prevents you from hitting the adder.
You bite the adder. You drain its power.
You feel invigorated.
The adder is moderately wounded.
You die...

######## .......# ...
######'#####.#.# .
#....(...#.#.#
..+........#.#?#
..#........#.#.#
......(....#.#.# #
###........#.#.###.###.#
..)....#........@S......
..######.###.#.###.###.#
<. .........># .. .#
#######........## .
##.(...... . ...#.####
....#.# ....#.. .....#
##


You could see an adder.

Vanquished Creatures
  An adder (D:2)
  A dart slug (D:1)
  2 leopard geckos
  2 ball pythons
  A giant cockroach (D:1)
  7 goblins
  4 hobgoblins (D:1)
  3 bats
  6 frilled lizards
  4 kobolds
  7 rats
38 creatures vanquished.

Notes
Turn   | Place    | Note
-------+----------+-------------------------------------------
     0 | D:1      | slep the Vine Stalker Gladiator began the quest for the Orb.
     0 | D:1      | Reached XP level 1. HP: 11/11 MP: 2/2
    69 | D:1      | Reached XP level 2. HP: 9/15 MP: 1/3
   117 | D:1      | Reached skill level 3 in Axes
   320 | D:1      | Reached XP level 3. HP: 16/18 MP: 4/4
   821 | D:2      | Found a burning altar of Makhleb.
  1002 | D:2      | Succumbed to an adder's poison

Vault maps used:
D:1:      ncdulo_lavacross
D:2:      nicolae_ru_path_of_blood, old_standard_altar, old_standard_altar,
          wad_woods_river_04, grunt_decor_mini_mirrors

Skill      XL: |  1  2 |
---------------+-------+-----
Axes           | 3 |  3.5
Throwing       | 2 |  2.0
Fighting       | |  1.9
Armour         | |  0.5
Dodging        | |  2.8

Action                   || total
-------------------------++-------
Melee: War axe           ||    96
       Bite              ||    19
  Eat: Chunk             ||     6
Armor: Leather armour    ||     9
       Ring mail         ||    24
Dodge: Dodged            ||    61

Table legend:
 A = Spawn XP
 B = Non-spawn XP
 C = Spawn XP percentage of total XP
 D = Spawn monster count
 E = Non-spawn monster count
 F = Spawn count percentage of total count
 G = Total turns spent on level
                    A         B        C        D         E        F      G
               +---------+---------+-------+---------+---------+-------+---------
         Total |       0 |      74 |   0.0 |       0 |      38 |   0.0 |  1002
               +---------+---------+-------+---------+---------+-------+---------
           D:1 |       0 |      43 |   0.0 |       0 |      25 |   0.0 |   720
           D:2 |       0 |      31 |   0.0 |       0 |      13 |   0.0 |   282
               +---------+---------+-------+---------+---------+-------+---------
